Map: Frozen Temple

Players

Miszu

  • Race: Terran Terran
  • League: Grandmaster

llIlIlIlIlIl - Winner!

  • Race: Protoss Protoss
  • League: Master

VOD

Have the link to the VOD?

Description

Time

  • Played on: May 16, 2016, 3:09 p.m.
  • Length: 9:58
Show
View Real Time Build Order
Export as new Build Order

Miszu Terran 

Build Orders: MMM Bio 

Get SALT Encoding   

  12  0:01  SCV  
  13  0:13  SCV  
  14  0:18  Supply Depot  
  14  0:25  SCV  
  15  0:40  SCV  
  15  0:41  Barracks  
  16  0:52  SCV  
  17  1:04  SCV  
  18  1:16  Command Center  
  18  1:28  Orbital Command  
  18  1:30  Marine  
  19  1:43  Supply Depot  
  19  1:47  Marine  
  19  1:50  Barracks  
  19  1:53  SCV  
  21  2:02  Barracks  
  21  2:05  Marine  
  21  2:06  SCV  
  23  2:15  Refinery  
  23  2:17  Refinery  
  23  2:27  Marine, SCV  
  23  2:29  Orbital Command  
  25  2:36  Marine  
  26  2:39  SCV  
  27  2:48  Marine  
  27  2:49  Barracks Tech Lab  
  28  2:51  SCV  
  28  2:54  Supply Depot, Marine  
  28  2:56  SCV  
  31  3:03  SCV  
  32  3:05  Marine  
  32  3:08  SCV  
  32  3:11  Stimpack  
  35  3:12  Marine  
  35  3:13  Marine  
  35  3:16  SCV  
  37  3:20  SCV  
  37  3:23  Marine  
  37  3:25  Factory  
  39  3:28  SCV  
  39  3:32  Marine, SCV  
  42  3:35  Marine  
  42  3:40  SCV  
  44  3:42  Supply Depot  
  44  3:44  SCV  
  44  3:46  Marine  
  46  4:03  Marine, SCV x2  
  46  4:04  Refinery, Marauder  
  46  4:05  Engineering Bay  
  51  4:13  Starport  
  51  4:15  SCV x2, Factory Reactor  
  53  4:20  Barracks Reactor  
  53  4:22  Barracks Tech Lab  
  53  4:27  SCV  
  54  4:32  Missile Turret  
  54  4:34  Missile Turret  
  54  4:43  Terran Infantry Weapons Level 1  
  54  4:46  Supply Depot  
  54  4:50  Supply Depot  
  54  4:57  Supply Depot, Factory Reactor  
  54  5:07  Marine  
  54  5:08  Medivac, Marauder, SCV x2  
  54  5:09  Supply Depot  
  54  5:12  Supply Depot, Medivac  
  54  5:13  Combat Shields  
  63  5:20  SCV x2  
  65  5:22  Marine x2  
  65  5:32  SCV x2  
  49  5:44  SCV  
  49  5:46  Marauder  
  49  5:49  Marauder  
  46  6:01  SCV  
  46  6:07  Marine  
  46  6:08  Marine, Marauder  
  46  6:09  Medivac  
  46  6:10  Marine  
  49  6:17  SCV  
  49  6:18  SCV  
  50  6:25  Marine x2  
  50  6:28  Marine  
  50  6:29  SCV  
  50  6:30  SCV  
  50  6:31  Marine  
  56  6:42  Command Center, SCV x2  
  58  6:49  Widow Mine  
  58  6:50  Widow Mine  
  58  6:51  Medivac  
  58  6:54  SCV x2  
  65  7:01  Marauder x2  
  70  7:09  Marine x2  
  70  7:14  SCV x2  
  74  7:23  Supply Depot  
  74  7:26  Barracks, SCV x2  
  76  7:30  Barracks  
  76  7:33  Marauder  
  78  7:38  SCV  
  78  7:40  Marauder  
  71  7:54  Widow Mine  
  71  7:55  Marauder  
  71  7:56  Marine x2  
  72  8:08  SCV x2  
  72  8:09  Orbital Command  
  74  8:16  Marauder  
  74  8:18  Marine x2  
  78  8:20  Barracks Reactor, Barracks Tech Lab, SCV x2  
  78  8:22  Medivac  
  78  8:43  Marauder  
  78  8:44  Marauder x2  
  78  8:47  Marine x2  
  78  8:48  SCV x3  
  78  8:55  Widow Mine  
  79  8:56  Medivac  
  79  8:58  Medivac  
  79  9:00  SCV x3  
  79  9:01  Refinery x2  
  79  9:02  Refinery  
  86  9:12  SCV x2  
  86  9:13  Marine, SCV  
  86  9:14  Marine, Marauder  
  87  9:18  Widow Mine  
  87  9:20  Marine x2, Marauder x2  
  95  9:29  SCV  
  95  9:30  SCV x2  
  98  9:32  Supply Depot, Marine  
  98  9:33  Supply Depot  
  98  9:35  Marauder  
  101  9:41  SCV  
  101  9:42  SCV  
Show
View Real Time Build Order
Export as new Build Order

llIlIlIlIlIl Protoss - Winner!

Build Orders: 1 Gate Expand 

Get SALT Encoding   

  12  0:00  Probe (Chrono Boost)  
  13  0:11  Probe (Chrono Boost)  
  14  0:20  Pylon  
  14  0:23  Probe (Chrono Boost)  
  15  0:38  Gateway, Probe (Chrono Boost)  
  16  0:49  Probe (Chrono Boost)  
  17  0:50  Assimilator  
  17  0:59  Probe (Chrono Boost)  
  18  1:18  Nexus  
  18  1:23  Probe (Chrono Boost)  
  19  1:29  Cybernetics Core  
  19  1:34  Probe (Chrono Boost)  
  19  1:38  Assimilator  
  20  1:44  Probe (Chrono Boost)  
  21  1:48  Pylon  
  21  1:55  Probe (Chrono Boost)  
  22  2:05  Probe (Chrono Boost)  
  22  2:06  Adept (Chrono Boost), Warp Gate  
  25  2:17  Probe  
  26  2:23  Forge  
  28  2:30  Mothership Core (Chrono Boost), Probe (Chrono Boost)  
  28  2:37  Adept  
  31  2:41  Probe (Chrono Boost)  
  32  2:48  Probe (Chrono Boost)  
  32  2:50  Protoss Ground Weapons Level 1 (Chrono Boost)  
  32  2:51  Probe (Chrono Boost)  
  34  2:59  Probe  
  34  3:01  Probe  
  36  3:08  Robotics Facility  
  36  3:11  Probe  
  36  3:12  Probe  
  38  3:20  Gateway  
  38  3:22  Probe  
  38  3:23  Probe  
  40  3:29  Gateway  
  40  3:33  Probe  
  40  3:35  Probe  
  40  3:38  Pylon  
  42  3:43  Probe  
  42  3:47  Probe  
  44  3:52  Pylon  
  44  3:56  Warp Prism (Chrono Boost)  
  44  3:57  Assimilator  
  44  3:58  Probe  
  44  4:02  Probe  
  48  4:06  Twilight Council  
  48  4:10  Probe  
  48  4:12  Adept  
  48  4:14  Probe  
  52  4:17  Pylon  
  52  4:22  Adept, Probe  
  55  4:26  Probe  
  55  4:27  Pylon, Protoss Ground Weapons Level 2  
  56  4:32  Adept  
  56  4:34  Probe  
  56  4:37  Observer (Chrono Boost)  
  60  4:38  Probe  
  60  4:44  Blink (Chrono Boost)  
  61  4:50  Pylon  
  62  5:00  Adept x3, Observer  
  68  5:12  Nexus  
  68  5:21  Probe x2  
  70  5:24  Assimilator  
  70  5:29  Adept x3  
  70  5:33  Probe  
  77  5:37  Probe  
  64  5:45  Probe  
  64  5:47  Immortal  
  64  5:49  Probe  
  68  5:52  Adept x3  
  66  5:57  Probe  
  66  5:58  Stalker x2  
  66  5:59  Stalker  
  66  6:01  Probe  
  74  6:09  Probe  
  73  6:13  Probe  
  73  6:14  Gateway  
  73  6:18  Gateway x2  
  70  6:21  Probe  
  70  6:24  Sentry  
  70  6:25  Sentry  
  75  6:26  Pylon, Probe  
  75  6:27  Pylon  
  75  6:28  Resonating Glaives (Chrono Boost)  
  75  6:29  Adept  
  78  6:32  Probe  
  78  6:33  Probe  
  78  6:37  Immortal (Chrono Boost)  
  78  6:38  Probe  
  85  6:46  Pylon  
  85  6:50  Protoss Ground Weapons Level 3, Pylon  
  85  6:51  Adept x2  
  89  6:56  Adept  
  89  7:00  Probe  
  89  7:01  Probe  
  90  7:07  Pylon  
  90  7:08  Probe  
  91  7:14  Stalker x2  
  95  7:17  Probe  
  93  7:22  Pylon  
  93  7:23  Probe  
  93  7:27  Probe  
  95  7:32  Adept x4  
  100  7:48  Immortal (Chrono Boost)  
  104  7:55  Probe  
  101  7:59  Probe  
  101  8:01  Probe  
  103  8:08  Pylon  
  103  8:09  Probe  
  103  8:11  Pylon x2  
  104  8:13  Pylon x2, Probe  
  105  8:21  Warp Prism (Chrono Boost)  
  105  8:24  Probe  
  105  8:25  Stalker x3  
  114  8:27  Probe  
  114  8:29  Probe  
  116  8:36  Probe  
  115  8:48  Stalker x4  
  118  8:51  Assimilator  
  118  8:52  Assimilator  
  118  8:54  Robotics Facility, Photon Cannon  
  115  9:02  Stalker  
  115  9:03  Stalker  
  119  9:13  Probe x2 (Chrono Boost)  
  119  9:14  Probe (Chrono Boost)  
  112  9:25  Probe x2 (Chrono Boost)  
  112  9:27  Stalker x3  
  112  9:29  Sentry  
  112  9:30  Sentry x2  
  126  9:32  Probe (Chrono Boost)  
  126  9:35  Probe (Chrono Boost)  
  126  9:36  Probe (Chrono Boost)  
  129  9:42  Robotics Bay  
  129  9:43  Probe (Chrono Boost)  
  130  9:56  Adept x2  
  130  9:57  Adept x3  
Tags
 
Add a new tag
Caveats
  • Supply blocks, unpowered buildings, or Contaminate may cause inaccurate times.
  • Supply counts are checked every 10 seconds.